 Dungeon Crawl Stone Soup version 0.29.0-4-gdea44cf6ec (webtiles) character file.

Game seed: 11782776902185383573

21674 qw the Brawler (level 12, -1/118 HPs)
             Began as a Troll Cinder Acolyte on Aug 30, 2022.
             Was a Follower of Okawaru.
             Slain by an 11-headed hydra (2 damage)
             ... on level 3 of the Lair of Beasts.
             The game lasted 00:06:28 (11784 turns).

qw the Brawler (Troll Cinder Acolyte)              Turns: 11784, Time: 00:06:29

Health: -1/118     AC: 18    Str: 29    XL:     12   Next: 56%
Magic:  10/12      EV: 13    Int: 10    God:    Okawaru [*.....]
Gold:   1914       SH:  4    Dex:  3    Spells: 13/13 levels left

rFire   x x .      SeeInvis .     - Unarmed
rCold   x x .      Faith    .   (no shield)
rNeg    . . .      Spirit   .   s - +0 acid dragon scales
rPois   +          Reflect  .   (helmet restricted)
rElec   .          Harm     .   (no cloak)
rCorr   +          Rampage  .   (gloves unavailable)
Will    +....                   (boots unavailable)
Stlth   ++........              r - amulet of Elemental Vulnerability {rPois rF-- rC-- AC+8}
HPRegen 1.09/turn               p - ring of willpower
MPRegen 0.13/turn               q - +4 ring of evasion

@: about to teleport, heroic
A: large, unfitting armour, claws 3, regeneration 1, shaggy fur 1, tough skin 1,
large bone plates 1, clumsy 1
a: Renounce Religion, Heroism


You were on level 3 of the Lair of Beasts.
You worshipped Okawaru.
Okawaru was aware of your devotion.
You visited 3 branches of the dungeon, and saw 14 of its levels.

You collected 2004 gold pieces.
You spent 90 gold pieces at shops.


Innate Abilities, Weirdness & Mutations

You are too large for most types of armour.
You have claws for hands.
Your natural rate of healing is unusually fast.
You are covered in fur. (AC +1)
You have tough skin. (AC +1)
You are partially covered in large bone plates. (SH +4)
You are clumsy. (Dex -2)


   Skills:
 + Level 7.4(12.4) Fighting
 - Level 4.2(9.2) Throwing
 - Level 3.0(8.0) Armour
 - Level 1.4(6.4) Dodging
 - Level 18.0(23.0) Unarmed Combat
 - Level 1.0 Spellcasting
 - Level 2.1 Fire Magic
 + Level 2.3 Invocations


You had 13 spell levels left.
You didn't know any spells.
Your spell library contained the following spells:

 Spells                   Type           Power      Damage    Failure   Level
 Scorch                   Fire           8%         2d5       24%         2

Inventory:

Missiles
 k - 7 boomerangs (quivered)
Armour
 s - +0 acid dragon scales (worn)
Jewellery
 o - a ring of ice
 p - a ring of willpower (left claw)
 q - a +4 ring of evasion (right claw)
 r - the amulet of Elemental Vulnerability (around neck) {rPois rF-- rC-- AC+8}
   (You found it on level 8 of the Dungeon)

   [amulet of nothing]

   AC:        It affects your AC (+8).
   rF:        It makes you very vulnerable to fire.
   rC:        It makes you very vulnerable to cold.
   rPois:     It protects you from poison.
Scrolls
 f - 5 scrolls of identify
 h - 4 scrolls of teleportation
 l - 4 scrolls of enchant weapon
Potions
 a - a potion of attraction {unknown}
 b - 2 potions of resistance
 d - 4 potions of heal wounds
 e - a potion of mutation
 i - 3 potions of might
 j - 2 potions of haste
 m - 4 potions of curing

Dungeon Overview and Level Annotations

Branches:
Dungeon (10/15)            Temple (1/1) D:5            Lair (3/5) D:10
 Shoals (0/4) Lair:2          Orc (0/2) D:10
  Snake: Lair:2-3    Spider: Lair:2-3

Altars:
Cheibriados
Dithmenos
Elyvilon
Fedhas
Gozag
Hepliaklqana
Kikubaaqudgha
Makhleb
Nemelex Xobeh
Okawaru
Qazlal
Ru
Sif Muna
Trog
Uskayaw
Vehumet
Wu Jian
Xom
Yredelemnul
Zin
The Shining One

Shops:
D:6 (   D:9 *

Portals:
Abyss: Lair:1

Annotations:
D:2 1 runed translucent door, Crazy Yiuf
D:7 2 transporters, qw's ghost, novice TeWr
D:8 2 transporters, qw's ghost, novice TeWr
Lair:1 2 transporters, qw's ghost, novice TeWr


Message History

The bullfrog closely misses you.
You eviscerate the bullfrog!!!
You kill the bullfrog!
Okawaru accepts your kill.
You barely miss the eight-headed hydra. You claw the eight-headed hydra!
The eight-headed hydra is moderately wounded.
You rip one of the eight-headed hydra's heads off!
The seven-headed hydra grows two more!
You scratch the nine-headed hydra.
The nine-headed hydra is lightly wounded.
The nine-headed hydra bites you!
The nine-headed hydra closely misses you.
The nine-headed hydra completely misses you.
The nine-headed hydra misses you. x2
The nine-headed hydra bites you but does no damage.
The nine-headed hydra bites you.
The nine-headed hydra bites you but does no damage.
The nine-headed hydra bites you.
You rip one of the nine-headed hydra's heads off!
The eight-headed hydra grows two more!
You scratch the ten-headed hydra.
The ten-headed hydra is lightly wounded.
You rip one of the ten-headed hydra's heads off!
The nine-headed hydra grows two more!
You claw the 11-headed hydra! x2
The 11-headed hydra is heavily wounded.
The 11-headed hydra bites you but does no damage.
The 11-headed hydra bites you.
The 11-headed hydra bites you but does no damage.
You block the 11-headed hydra's attack. The 11-headed hydra bites you!
The 11-headed hydra bites you. The 11-headed hydra misses you.
The 11-headed hydra bites you but does no damage.
The 11-headed hydra bites you! The 11-headed hydra bites you.
The 11-headed hydra closely misses you.
11784 ||| READING 5 scrolls of teleportation.
As you read the scroll of teleportation, it crumbles to dust.
You feel strangely unstable.
The 11-headed hydra closely misses you. x2; The 11-headed hydra bites you!
The 11-headed hydra bites you but does no damage.
The 11-headed hydra bites you.
The 11-headed hydra bites you but does no damage.
The 11-headed hydra bites you.
You die...

#. ## # ..F..# # ..
.....## # #..
....... .. . #..
### ...... ....##
##... #.##..$..
#.....
#....##.....#
##...7 #....@D...#
#..... #P.....%..##
#.7..
####.......###
#....
##....#.#P####
#...7
##..........###....
##........##.....#
#.......#.....###
######....7..##
##.#...## #


You could see a 11-headed hydra.

Vanquished Creatures
  2 boulder beetles
  3 hydras (Lair:2)
  A catoblepas (Lair:3)
  A two-headed ogre (D:8)
  Amaemon (Lair:1)
  Pikel (D:6)
  A lindwurm (Lair:2)
  7 elephants
  A merfolk siren (Lair:2)
  Maggie (D:6)
  An orange demon (Lair:1)
  2 cane toads (Lair:1)
  An unseen horror (D:10)
  4 komodo dragons
  A kobold demonologist (D:9)
  A rime drake (Lair:2)
  A troll (D:9)
  Prince Ribbit (D:5)
  A hornet (D:9)
  7 blink frogs
  A shadow (D:10)
  Sigmund (D:2)
  2 wyverns
  13 yaks
  2 basilisks
  2 fire elementals (Lair:3)
  A steam dragon (D:8)
  2 acid dragons (D:8)
  7 water moccasins
  3 orc warriors
  A sky beast (D:6)
  2 black bears
  5 wolves
  2 centaurs
  2 lemures (D:6)
  A kobold brigand (D:10)
  A phantom (D:6)
  11 bullfrogs
  3 scorpions
  14 wights
  11 killer bees
  An electric eel (D:9)
  4 howler monkeys
  4 hounds
  2 jellies (D:7)
  3 orc priests
  3 gnoll boudas
  Terence (D:2)
  4 iguanas
  12 orc wizards
  15 gnolls
  10 adders
  A shadow imp (D:5)
  3 white imps
  An ufetubus (D:6)
  7 worms
  3 dart slugs
  41 orcs
  8 ball pythons
  7 bats
  3 endoplasms
  6 giant cockroaches
  5 goblins
  4 hobgoblins
  2 jackals (D:1)
  A quokka (D:5)
  3 frilled lizards
  12 kobolds
  5 rats
297 creatures vanquished.

Vanquished Creatures (others)
  A human (D:6)
  7 fungi
  22 plants
  A withered plant (D:9)
31 creatures vanquished.

Grand Total: 328 creatures vanquished

Notes
Turn   | Place    | Note
-------+----------+-------------------------------------------
     0 | D:1      | qw the Troll Cinder Acolyte began the quest for the Orb.
     0 | D:1      | Reached XP level 1. HP: 22/22 MP: 1/1
     0 | D:1      | 0 ||| qw: Version: 0.1-a-95-gae9e614
     0 | D:1      | 0 ||| qw: Game counter: 4379
     0 | D:1      | 0 ||| qw: Always use a shield: true
     0 | D:1      | 0 ||| qw: God list: Okawaru
     0 | D:1      | 0 ||| qw: Allow faded altars: false
     0 | D:1      | 0 ||| qw: Do Orc after D:15 true
     0 | D:1      | 0 ||| qw: Do second Lair branch before Depths: true
     0 | D:1      | 0 ||| qw: Lair rune preference: random
     0 | D:1      | 0 ||| qw: Plans: Normal
     0 | D:1      | 0 ||| PLANNING D:1-11
    26 | D:1      | 26 ||| Stepping ~*~*~tactically~*~*~ (outnumbered).
   235 | D:1      | Found a faded altar of an unknown god.
   270 | D:1      | Reached XP level 2. HP: 29/29 MP: 2/2
   389 | D:1      | 389 ||| Stepping ~*~*~tactically~*~*~ (stealth).
   392 | D:1      | 392 ||| Stepping ~*~*~tactically~*~*~ (stealth).
   400 | D:1      | 400 ||| Stepping ~*~*~tactically~*~*~ (stealth).
   401 | D:1      | 401 ||| Stepping ~*~*~tactically~*~*~ (stealth).
   511 | D:1      | 511 ||| Stepping ~*~*~tactically~*~*~ (stealth).
   520 | D:1      | Reached skill level 4 in Unarmed Combat
   831 | D:1      | 831 ||| DROPPING orb of mayhem.
   832 | D:1      | 832 ||| READING 2 scrolls labelled HEQ PIANWAQ.
   833 | D:1      | 833 ||| READING scroll labelled PYTZULEDAE.
   851 | D:2      | 851 ||| STAIRDANCE
   855 | D:1      | Reached XP level 3. HP: 36/36 MP: 3/3
   857 | D:2      | 857 ||| STAIRDANCE
  1025 | D:2      | Noticed Terence
  1026 | D:2      | 1026 ||| INVOKING Fiery Armour.
  1038 | D:2      | 1038 ||| Stepping ~*~*~tactically~*~*~ (outnumbered).
  1045 | D:2      | Killed Terence
  1046 | D:2      | Reached skill level 5 in Unarmed Combat
  1046 | D:2      | Reached XP level 4. HP: 44/44 MP: 4/4
  1152 | D:2      | Noticed Sigmund
  1153 | D:2      | 1153 ||| Stepping ~*~*~tactically~*~*~ (hiding).
  1165 | D:2      | Killed Sigmund
  1166 | D:2      | Reached skill level 6 in Unarmed Combat
  1166 | D:2      | Reached XP level 5. HP: 38/50 MP: 5/5
  1308 | D:2      | 1308 ||| Stepping ~*~*~tactically~*~*~ (stealth).
  1324 | D:2      | Reached XP level 6. HP: 56/59 MP: 6/6
  1443 | D:2      | Found a runed translucent door.
  1444 | D:2      | Noticed Crazy Yiuf
  1447 | D:2      | 1447 ||| READING scroll of teleportation.
  1542 | D:3      | 1542 ||| Stepping ~*~*~tactically~*~*~ (hiding).
  1562 | D:3      | 1562 ||| FLEEEEING.
  1563 | D:3      | 1563 ||| FLEEEEING.
  1563 | D:3      | HP: 11/59 [something/magic dart (6)]
  1564 | D:3      | 1564 ||| FLEEEEING.
  1565 | D:3      | 1565 ||| FLEEEEING.
  1566 | D:3      | 1566 ||| FLEEEEING.
  1568 | D:3      | 1568 ||| FLEEEEING.
  1569 | D:3      | 1569 ||| STAIRDANCE
  1668 | D:3      | 1668 ||| STAIRDANCE
  1732 | D:3      | 1732 ||| STAIRDANCE
  1805 | D:3      | 1805 ||| INVOKING Fiery Armour.
  1806 | D:3      | HP: 10/59 [orc wizard/+2 dagger of electrocution (12)]
  1869 | D:3      | Reached skill level 7 in Unarmed Combat
  1987 | D:3      | Found a radiant altar of Vehumet.
  2032 | D:3      | 2032 ||| Stepping ~*~*~tactically~*~*~ (stealth).
  2033 | D:3      | 2033 ||| Stepping ~*~*~tactically~*~*~ (stealth).
  2044 | D:3      | 2044 ||| FLEEEEING.
  2045 | D:3      | 2045 ||| FLEEEEING.
  2050 | D:3      | 2050 ||| FLEEEEING.
  2052 | D:3      | 2052 ||| FLEEEEING.
  2054 | D:3      | 2054 ||| FLEEEEING.
  2056 | D:3      | 2056 ||| FLEEEEING.
  2322 | D:3      | Found a faded altar of an unknown god.
  2326 | D:3      | Found a stormy altar of Qazlal.
  2495 | D:3      | Found a sacrificial altar of Ru.
  2495 | D:3      | Found a shimmering blue altar of Sif Muna.
  2496 | D:3      | Found a bloodstained altar of Trog.
  2612 | D:3      | Found a burning altar of Makhleb.
  2619 | D:3      | 2619 ||| DROPPING scarf of shadows.
  2620 | D:3      | 2620 ||| READING scroll labelled ORAWATECOI.
  2621 | D:3      | 2621 ||| DRINKING 2 bubbling cyan potions.
  2622 | D:3      | 2622 ||| READING 4 scrolls of identify.
  2622 | D:3      | 2622 ||| IDENTIFYING lumpy amethyst potion
  2623 | D:3      | 2623 ||| READING 3 scrolls of identify.
  2623 | D:3      | 2623 ||| IDENTIFYING emerald potion
  2624 | D:3      | 2624 ||| READING 2 scrolls of identify.
  2624 | D:3      | 2624 ||| IDENTIFYING grey potion
  2625 | D:3      | 2625 ||| DROPPING potion of berserk rage.
  2626 | D:3      | 2626 ||| DROPPING potion of flight.
  3000 | D:3      | 3000 ||| Stepping randomly (stuck).
  3014 | D:4      | 3014 ||| PLANNING SEWER
  3018 | D:4      | 3018 ||| STAIRDANCE
  3024 | D:4      | 3024 ||| STAIRDANCE
  3037 | D:4      | 3037 ||| STAIRDANCE
  3141 | D:4      | 3141 ||| Stepping ~*~*~tactically~*~*~ (stealth).
  3166 | D:4      | 3166 ||| Stepping ~*~*~tactically~*~*~ (hiding).
  3212 | D:4      | Reached skill level 8 in Unarmed Combat
  3212 | D:4      | Reached XP level 7. HP: 65/66 MP: 7/7
  3245 | D:4      | 3245 ||| Stepping ~*~*~tactically~*~*~ (hiding).
  3251 | D:4      | 3251 ||| Stepping ~*~*~tactically~*~*~ (stealth).
  3277 | D:4      | 3277 ||| FLEEEEING.
  3278 | D:4      | 3278 ||| FLEEEEING.
  3279 | D:4      | 3279 ||| FLEEEEING.
  3280 | D:4      | 3280 ||| FLEEEEING.
  3281 | D:4      | 3281 ||| FLEEEEING.
  3314 | D:4      | Reached skill level 3 in Fighting
  3446 | D:4      | 3446 ||| Stepping ~*~*~tactically~*~*~ (stealth).
  3570 | D:4      | 3570 ||| Stepping ~*~*~tactically~*~*~ (hiding).
  3706 | D:4      | 3706 ||| RIP SEWER
  3709 | D:4      | 3709 ||| PLANNING D:1-11
  3941 | D:4      | 3941 ||| READING scroll labelled SUITTEFREE.
  3942 | D:4      | 3942 ||| READING 2 scrolls labelled RABRISHROFUZ.
  3943 | D:4      | 3943 ||| READING 2 scrolls labelled DOIKEE XAX KIJ.
  3944 | D:4      | 3944 ||| DROPPING scroll of butterflies.
  3969 | D:3      | 3969 ||| READING scroll of teleportation.
  4029 | D:3      | 4029 ||| Stepping randomly (stuck).
  4051 | D:5      | Entered Level 5 of the Dungeon
  4051 | D:5      | Noticed Prince Ribbit
  4072 | D:5      | 4072 ||| INVOKING Fiery Armour.
  4076 | D:5      | Killed Prince Ribbit
  4077 | D:5      | Reached skill level 9 in Unarmed Combat
  4173 | D:5      | Reached skill level 1 in Dodging
  4178 | D:5      | Reached XP level 8. HP: 75/75 MP: 8/8
  4227 | D:5      | Found a staircase to the Ecumenical Temple.
  4240 | D:5      | Found a snail-covered altar of Cheibriados.
  4246 | D:5      | Reached skill level 10 in Unarmed Combat
  4272 | D:5      | 4272 ||| Stepping ~*~*~tactically~*~*~ (hiding).
  4422 | D:5      | 4422 ||| Stepping ~*~*~tactically~*~*~ (stealth).
  4424 | D:5      | 4424 ||| Stepping ~*~*~tactically~*~*~ (hiding).
  4432 | D:5      | 4432 ||| Stepping ~*~*~tactically~*~*~ (outnumbered).
  4439 | D:5      | 4439 ||| FLEEEEING.
  4443 | D:5      | 4443 ||| FLEEEEING.
  4444 | D:5      | 4444 ||| FLEEEEING.
  4445 | D:5      | 4445 ||| FLEEEEING.
  4614 | D:5      | Found an opulent altar of Gozag.
  4644 | D:5      | 4644 ||| Stepping ~*~*~tactically~*~*~ (hiding).
  4646 | D:5      | 4646 ||| FLEEEEING.
  4647 | D:5      | 4647 ||| FLEEEEING.
  4648 | D:5      | 4648 ||| FLEEEEING.
  4649 | D:5      | 4649 ||| Stepping ~*~*~tactically~*~*~ (hiding).
  4651 | D:5      | 4651 ||| Stepping ~*~*~tactically~*~*~ (hiding).
  4658 | D:5      | Reached skill level 1 in Throwing
  4839 | D:5      | 4839 ||| READING scroll labelled JAOKUH QUDURO.
  4840 | D:5      | 4840 ||| DRINKING 2 metallic orange potions.
  4840 | D:5      | Gained mutation: You are clumsy. (Dex -2) [potion of
                  | mutation]
  4840 | D:5      | Gained mutation: You are partially covered in large bone
                  | plates. (SH +4) [potion of mutation]
  4841 | D:5      | 4841 ||| READING 3 scrolls of identify.
  4841 | D:5      | 4841 ||| IDENTIFYING smoky amethyst potion
  4842 | D:5      | 4842 ||| READING 2 scrolls of identify.
  4842 | D:5      | 4842 ||| IDENTIFYING sapphire potion
  4843 | D:5      | 4843 ||| DROPPING potion of magic.
  4844 | D:5      | 4844 ||| DROPPING potion of ambrosia.
  4870 | D:6      | 4870 ||| STAIRDANCE
  4936 | D:6      | Found an ancient bone altar of Kikubaaqudgha.
  4958 | D:6      | Noticed Maggie
  5020 | D:6      | Found Xyav's Antique Weapon Shop.
  5030 | D:6      | 5030 ||| INVOKING Fiery Armour.
  5031 | D:6      | Killed Maggie
  5032 | D:6      | Reached skill level 11 in Unarmed Combat
  5032 | D:6      | Reached XP level 9. HP: 34/84 MP: 9/9
  5285 | D:6      | Noticed Pikel
  5290 | D:6      | 5290 ||| INVOKING Fiery Armour.
  5302 | D:6      | Killed Pikel
  5303 | D:6      | Reached skill level 12 in Unarmed Combat
  5309 | D:6      | Found Zin's Purification Station.
  5316 | D:6      | Found a glowing silver altar of Zin.
  5321 | D:6      | 5321 ||| BUYING potion of curing (90 gold).
  5321 | D:6      | Bought a potion of curing for 90 gold pieces
  5445 | D:6      | Reached skill level 3 in Throwing
  5525 | D:6      | 5525 ||| UPGRADING to +0 steam dragon scales.
  5535 | D:6      | 5535 ||| DROPPING +0 robe.
  5536 | D:6      | 5536 ||| READING scroll labelled DAGGESHR FUSOT.
  5603 | D:7      | Reached skill level 1 in Armour
  5640 | D:7      | 5640 ||| Stepping ~*~*~tactically~*~*~ (hiding).
  5774 | D:7      | Found a transporter.
  5779 | D:7      | Found a transporter.
  5782 | D:7      | Noticed qw's ghost (novice TeWr)
  5805 | D:7      | 5805 ||| Stepping ~*~*~tactically~*~*~ (outnumbered).
  5813 | D:7      | 5813 ||| INVOKING Fiery Armour.
  5966 | D:7      | 5966 ||| Stepping ~*~*~tactically~*~*~ (stealth).
  5970 | D:7      | 5970 ||| Stepping ~*~*~tactically~*~*~ (stealth).
  6394 | D:7      | 6394 ||| UPGRADING to ring of willpower.
  6395 | D:7      | 6395 ||| UPGRADING to +4 ring of evasion.
  6396 | D:7      | 6396 ||| READING scroll labelled PYCREPL RUUFOU.
  6397 | D:7      | 6397 ||| READING 2 scrolls of identify.
  6397 | D:7      | 6397 ||| IDENTIFYING blue potion
  6398 | D:7      | 6398 ||| DROPPING potion of brilliance.
  6414 | D:8      | Noticed a two-headed ogre
  6419 | D:8      | Killed a two-headed ogre
  6420 | D:8      | Reached XP level 10. HP: 96/96 MP: 10/10
  6455 | D:8      | 6455 ||| Stepping ~*~*~tactically~*~*~ (hiding).
  6462 | D:8      | Reached skill level 13 in Unarmed Combat
  6468 | D:8      | 6468 ||| Stepping ~*~*~tactically~*~*~ (hiding).
  6795 | D:8      | Found a hazy altar of Hepliaklqana.
  6823 | D:8      | 6823 ||| INVOKING Fiery Armour.
  6825 | D:8      | 6825 ||| Stepping ~*~*~tactically~*~*~ (outnumbered).
  6826 | D:8      | 6826 ||| Stepping ~*~*~tactically~*~*~ (outnumbered).
  6832 | D:8      | 6832 ||| Stepping ~*~*~tactically~*~*~ (outnumbered).
  6900 | D:8      | Found a transporter.
  6900 | D:8      | Noticed qw's ghost (novice TeWr)
  6901 | D:8      | Found a transporter.
  6991 | D:8      | 6991 ||| Stepping ~*~*~tactically~*~*~ (hiding).
  7183 | D:8      | Found the amulet of Elemental Vulnerability {rPois rF--
                  | rC-- AC+8}
  7416 | D:8      | 7416 ||| DROPPING scarf of harm.
  7417 | D:8      | 7417 ||| UPGRADING to +0 acid dragon scales.
  7427 | D:8      | 7427 ||| DROPPING +0 steam dragon scales.
  7428 | D:8      | 7428 ||| UPGRADING to amulet of Elemental Vulnerability
                  | {rPois rF-- rC-- AC+8}.
  7433 | D:8      | 7433 ||| READING scroll labelled EJOUDIBLER.
  7434 | D:8      | 7434 ||| READING 2 scrolls of identify.
  7434 | D:8      | 7434 ||| IDENTIFYING amethyst potion
  7456 | D:8      | 7456 ||| Stepping ~*~*~tactically~*~*~ (hiding).
  7457 | D:8      | 7457 ||| Stepping ~*~*~tactically~*~*~ (hiding).
  7571 | D:9      | 7571 ||| STAIRDANCE
  7579 | D:9      | 7579 ||| STAIRDANCE
  7591 | D:9      | 7591 ||| STAIRDANCE
  7642 | D:9      | 7642 ||| Stepping ~*~*~tactically~*~*~ (stealth).
  7643 | D:9      | 7643 ||| Stepping ~*~*~tactically~*~*~ (hiding).
  7644 | D:9      | 7644 ||| Stepping ~*~*~tactically~*~*~ (hiding).
  7646 | D:9      | 7646 ||| Stepping ~*~*~tactically~*~*~ (hiding).
  7648 | D:9      | 7648 ||| Stepping ~*~*~tactically~*~*~ (hiding).
  7674 | D:9      | 7674 ||| FLEEEEING.
  7688 | D:9      | 7688 ||| Stepping ~*~*~tactically~*~*~ (hiding).
  7695 | D:9      | 7695 ||| INVOKING Fiery Armour.
  7698 | D:9      | Reached skill level 14 in Unarmed Combat
  7772 | D:9      | 7772 ||| Stepping ~*~*~tactically~*~*~ (outnumbered).
  7773 | D:9      | 7773 ||| Stepping ~*~*~tactically~*~*~ (outnumbered).
  7774 | D:9      | 7774 ||| Stepping ~*~*~tactically~*~*~ (outnumbered).
  7775 | D:9      | 7775 ||| Stepping ~*~*~tactically~*~*~ (outnumbered).
  7776 | D:9      | 7776 ||| Stepping ~*~*~tactically~*~*~ (outnumbered).
  7777 | D:9      | 7777 ||| Stepping ~*~*~tactically~*~*~ (outnumbered).
  7778 | D:9      | 7778 ||| Stepping ~*~*~tactically~*~*~ (outnumbered).
  7780 | D:9      | 7780 ||| Stepping ~*~*~tactically~*~*~ (outnumbered).
  7781 | D:9      | 7781 ||| Stepping ~*~*~tactically~*~*~ (outnumbered).
  7782 | D:9      | 7782 ||| Stepping ~*~*~tactically~*~*~ (outnumbered).
  7783 | D:9      | 7783 ||| Stepping ~*~*~tactically~*~*~ (outnumbered).
  7857 | D:9      | Found Hozeyc's Demolitions Depot.
  8113 | D:9      | Reached skill level 6 in Fighting
  8130 | D:9      | 8130 ||| Stepping ~*~*~tactically~*~*~ (outnumbered).
  8131 | D:9      | 8131 ||| Stepping ~*~*~tactically~*~*~ (outnumbered).
  8132 | D:9      | 8132 ||| Stepping ~*~*~tactically~*~*~ (outnumbered).
  8133 | D:9      | 8133 ||| Stepping ~*~*~tactically~*~*~ (outnumbered).
  8134 | D:9      | 8134 ||| Stepping ~*~*~tactically~*~*~ (outnumbered).
  8135 | D:9      | 8135 ||| Stepping ~*~*~tactically~*~*~ (outnumbered).
  8136 | D:9      | 8136 ||| Stepping ~*~*~tactically~*~*~ (outnumbered).
  8137 | D:9      | 8137 ||| Stepping ~*~*~tactically~*~*~ (outnumbered).
  8138 | D:9      | 8138 ||| Stepping ~*~*~tactically~*~*~ (outnumbered).
  8188 | D:9      | 8188 ||| Stepping ~*~*~tactically~*~*~ (stealth).
  8193 | D:9      | 8193 ||| Stepping ~*~*~tactically~*~*~ (outnumbered).
  8210 | D:9      | Found a basalt altar of Yredelemnul.
  8360 | D:9      | 8360 ||| Stepping ~*~*~tactically~*~*~ (stealth).
  8748 | D:9      | 8748 ||| DROPPING +6 ring of intelligence.
  8749 | D:9      | 8749 ||| READING 2 scrolls of identify.
  8749 | D:9      | 8749 ||| IDENTIFYING sedimented brown potion
  8789 | D:10     | Entered Level 10 of the Dungeon
  8916 | D:10     | Reached XP level 11. HP: 105/105 MP: 11/11
  8945 | D:10     | 8945 ||| Stepping ~*~*~tactically~*~*~ (outnumbered).
  8946 | D:10     | 8946 ||| Stepping ~*~*~tactically~*~*~ (outnumbered).
  8947 | D:10     | 8947 ||| Stepping ~*~*~tactically~*~*~ (outnumbered).
  8949 | D:10     | 8949 ||| Stepping ~*~*~tactically~*~*~ (outnumbered).
  8950 | D:10     | 8950 ||| Stepping ~*~*~tactically~*~*~ (outnumbered).
  8953 | D:10     | 8953 ||| Stepping ~*~*~tactically~*~*~ (outnumbered).
  9051 | D:10     | Found a staircase to the Orcish Mines.
  9052 | D:10     | 9052 ||| Stepping ~*~*~tactically~*~*~ (hiding).
  9053 | D:10     | 9053 ||| Stepping ~*~*~tactically~*~*~ (hiding).
  9055 | D:10     | 9055 ||| Stepping ~*~*~tactically~*~*~ (hiding).
  9056 | D:10     | 9056 ||| Stepping ~*~*~tactically~*~*~ (hiding).
  9057 | D:10     | 9057 ||| Stepping ~*~*~tactically~*~*~ (hiding).
  9063 | D:10     | 9063 ||| Stepping ~*~*~tactically~*~*~ (outnumbered).
  9064 | D:10     | 9064 ||| Stepping ~*~*~tactically~*~*~ (outnumbered).
  9065 | D:10     | 9065 ||| Stepping ~*~*~tactically~*~*~ (outnumbered).
  9066 | D:10     | 9066 ||| Stepping ~*~*~tactically~*~*~ (outnumbered).
  9125 | D:10     | 9125 ||| INVOKING Fiery Armour.
  9126 | D:10     | 9126 ||| Stepping ~*~*~tactically~*~*~ (stealth).
  9127 | D:10     | Noticed a boulder beetle
  9132 | D:10     | Reached skill level 15 in Unarmed Combat
  9140 | D:10     | Killed a boulder beetle
  9176 | D:10     | 9176 ||| Stepping randomly (disturbance).
  9183 | D:10     | 9183 ||| Stepping ~*~*~tactically~*~*~ (stealth).
  9263 | D:10     | Found a shadowy altar of Dithmenos.
  9367 | D:10     | Found a staircase to the Lair.
  9451 | D:10     | 9451 ||| PLANNING LAIR
  9451 | D:10     | 9451 ||| READING scroll labelled OPREDY YFFA.
  9466 | Lair:1   | Entered Level 1 of the Lair of Beasts
  9466 | Lair:1   | Found a transporter.
  9554 | Lair:1   | Found a transporter.
  9576 | Lair:1   | Noticed a red ugly thing
  9576 | Lair:1   | Noticed a spriggan rider
  9585 | Lair:1   | Noticed a wretched star
  9592 | Lair:1   | Noticed Amaemon
  9603 | Lair:1   | Killed Amaemon
  9774 | Lair:1   | 9774 ||| Stepping ~*~*~tactically~*~*~ (stealth).
  9783 | Lair:1   | 9783 ||| Stepping ~*~*~tactically~*~*~ (stealth).
  9789 | Lair:1   | 9789 ||| Stepping ~*~*~tactically~*~*~ (outnumbered).
  9872 | Lair:1   | Found a one-way gate to the infinite horrors of the Abyss.
  9872 | Lair:1   | Noticed qw's ghost (novice TeWr)
  9872 | Lair:1   | Noticed a rakshasa
  9872 | Lair:1   | Noticed a white ugly thing
  9931 | Lair:1   | Reached skill level 16 in Unarmed Combat
 10313 | Lair:1   | 10313 ||| DRINKING 2 bubbling amethyst potions.
 10333 | Lair:1   | 10333 ||| DROPPING potion of lignification.
 10375 | Lair:1   | Noticed a rakshasa
 10379 | Lair:2   | 10379 ||| STAIRDANCE
 10470 | Lair:2   | 10470 ||| INVOKING Fiery Armour.
 10483 | Lair:2   | 10483 ||| FLEEEEING.
 10484 | Lair:2   | 10484 ||| FLEEEEING.
 10485 | Lair:2   | 10485 ||| FLEEEEING.
 10486 | Lair:2   | 10486 ||| STAIRDANCE
 10501 | Lair:1   | 10501 ||| READING scroll labelled POSAQANTAR.
 10501 | Lair:1   | Identified a scroll of acquirement
 10501 | Lair:1   | 10501 ||| ACQUIRING 1076 gold pieces
 10501 | Lair:1   | Acquired 1076 gold pieces
 10505 | Lair:2   | 10505 ||| STAIRDANCE
 10598 | Lair:2   | Found a staircase to the Shoals.
 10630 | Lair:2   | Noticed a seven-headed hydra
 10631 | Lair:2   | 10631 ||| INVOKING Fiery Armour.
 10636 | Lair:2   | Killed a nine-headed hydra
 10648 | Lair:2   | Noticed a lindwurm
 10653 | Lair:2   | Killed a lindwurm
 10732 | Lair:2   | 10732 ||| Stepping ~*~*~tactically~*~*~ (outnumbered).
 10733 | Lair:2   | 10733 ||| Stepping ~*~*~tactically~*~*~ (outnumbered).
 10734 | Lair:2   | 10734 ||| Stepping ~*~*~tactically~*~*~ (outnumbered).
 10735 | Lair:2   | 10735 ||| Stepping ~*~*~tactically~*~*~ (outnumbered).
 10736 | Lair:2   | 10736 ||| Stepping ~*~*~tactically~*~*~ (outnumbered).
 10738 | Lair:2   | 10738 ||| Stepping ~*~*~tactically~*~*~ (outnumbered).
 10750 | Lair:2   | 10750 ||| Stepping ~*~*~tactically~*~*~ (stealth).
 10784 | Lair:2   | Noticed a boulder beetle
 10785 | Lair:2   | 10785 ||| INVOKING Fiery Armour.
 10789 | Lair:2   | Reached XP level 12. HP: 113/118 MP: 12/12
 10804 | Lair:2   | Killed a boulder beetle
 10805 | Lair:2   | Reached skill level 17 in Unarmed Combat
 10816 | Lair:2   | 10816 ||| FLEEEEING.
 10863 | Lair:2   | 10863 ||| Stepping ~*~*~tactically~*~*~ (stealth).
 10889 | Lair:2   | Noticed a seven-headed hydra
 10890 | Lair:2   | 10890 ||| INVOKING Fiery Armour.
 10893 | Lair:2   | Killed an eight-headed hydra
 10969 | Lair:2   | 10969 ||| PLANNING TEMPLE
 11094 | Temple   | Entered the Ecumenical Temple
 11194 | Temple   | 11194 ||| PLANNING CONVERSION TO OKAWARU
 11198 | Temple   | Fell from the grace of Ignis
 11198 | Temple   | Became a worshipper of Warmaster Okawaru
 11199 | Temple   | 11199 ||| PLANNING LAIR
 11362 | Lair:2   | Noticed an eight-headed hydra
 11372 | Lair:2   | Killed an 11-headed hydra
 11408 | Lair:2   | You fall into a shaft and drop 1 floor!
 11412 | Lair:3   | 11412 ||| Stepping ~*~*~tactically~*~*~ (stealth).
 11414 | Lair:3   | 11414 ||| Stepping ~*~*~tactically~*~*~ (stealth).
 11643 | Lair:3   | Reached skill level 18 in Unarmed Combat
 11679 | Lair:3   | Reached * piety under Okawaru
 11680 | Lair:3   | Reached skill level 3 in Armour
 11719 | Lair:3   | 11719 ||| Stepping ~*~*~tactically~*~*~ (outnumbered).
 11721 | Lair:3   | 11721 ||| Stepping ~*~*~tactically~*~*~ (outnumbered).
 11725 | Lair:3   | 11725 ||| Stepping ~*~*~tactically~*~*~ (outnumbered).
 11735 | Lair:3   | Reached skill level 1 in Invocations
 11754 | Lair:3   | Noticed a catoblepas
 11755 | Lair:3   | 11755 ||| Stepping ~*~*~tactically~*~*~ (cloud).
 11757 | Lair:3   | 11757 ||| Stepping ~*~*~tactically~*~*~ (outnumbered).
 11758 | Lair:3   | 11758 ||| INVOKING Heroism.
 11759 | Lair:3   | 11759 ||| Stepping ~*~*~tactically~*~*~ (outnumbered).
 11762 | Lair:3   | 11762 ||| Stepping ~*~*~tactically~*~*~ (cloud).
 11763 | Lair:3   | 11763 ||| Stepping ~*~*~tactically~*~*~ (cloud).
 11767 | Lair:3   | Killed a catoblepas
 11767 | Lair:3   | Reached ** piety under Okawaru
 11775 | Lair:3   | 11775 ||| INVOKING Heroism.
 11775 | Lair:3   | Noticed an eight-headed hydra
 11783 | Lair:3   | HP: 24/118 [11-headed hydra (8)]
 11784 | Lair:3   | 11784 ||| READING 5 scrolls of teleportation.
 11784 | Lair:3   | HP: 5/118 [11-headed hydra (9)]
 11784 | Lair:3   | HP: 1/118 [11-headed hydra (4)]
 11784 | Lair:3   | Slain by an 11-headed hydra

Levels and vault maps discovered:
D:1:      nicolae_arrival_somewhat_less_tricky_arrival, layout_basic,
          shapermc_ecumenical_altar_rom_forum
D:2:      layout_rooms, uniq_terence, uniq_crazy_yiuf_cottage, uniq_sigmund
D:3:      layout_loops_ring, nicolae_vehumet_radiance, lightli_temple_of_fire,
          gammafunk_temple_overflow_claw, nicolae_overflow_ecumenical_swirl
D:4:      layout_loops_ring, gup_sewer_entry_bubbles, guppyfry_early_lair_pool
D:5:      layout_rooms, kennysheep_slug_shrine, grunt_gozag_statues,
          minmay_temple_entry_junction, serial_glass, glass_columns_a,
          glass_columns_a, minmay_strange_pillars, uniq_prince_ribbit1
D:6:      layout_loops_cross, zin_purify, tgw_kikubaaqudgha, serial_shops,
          kennysheep_mini_moat, uniq_maggie, uniq_pikel
D:7:      layout_loops_ring, gammafunk_ghost_hive
D:8:      layout_loops_corners, lemuel_tele_altar, gammafunk_ghost_arena,
          minmay_misc_feat_rows
D:9:      layout_layer_cave, yredelemnul_altar_generic, serial_bayou_ford_a,
          nicolae_blasting_shop, nicolae_elevator_lobby_plus
D:10:     layout_gridville, grunt_dithmenos_shadows, dpeg_oklobed_lair,
          david_orc_2, minmay_chambers_of_fives
Temple:   nicolae_temple_figure_zero
Lair:1:   layout_long_grid, gammafunk_ghost_abyssal_escape,
          nicolae_quartered_pool_medium, uniq_amaemon
Lair:2:   layout_hall_layers, minmay_shoals_entry_lonely_mermaid
Lair:3:   layout_concentric_octagons, nicolae_spider_entry_tight_spaces,
          grunt_forest_stairs_basic, grunt_megastairs_4, lemuel_fruit_tree,
          serial_bayou_shore_a

Skill      XL: |  1  2  3  4  5  6  7  8  9 10 11 12 |
---------------+-------------------------------------+-----
Unarmed Combat | 4 5 6 8 9 11 12 14 16 18 | 18.0
Fighting       | 3 4 5 6 7 |  7.4
Dodging        | 1 |  1.4
Throwing       | 2 3 4 |  4.2
Armour         | 1 2 3 |  3.0
Invocations    | 2 |  2.3
Spellcasting   | |  1.0
Fire Magic     | |  2.1

Action                   |  1- 3 |  4- 6 |  7- 9 | 10-12 || total
-------------------------+-------+-------+-------+-------++-------
Melee: Unarmed           |    74 |   121 |   234 |   435 ||   864
       Punch             |     1 |     1 |     8 |    32 ||    42
Throw: Javelin           |       |       |    27 |    39 ||    66
       Boomerang         |       |       |     2 |    57 ||    59
Invok: Fiery Armour      |     1 |     1 |     4 |     7 ||    13
       Heroism           |       |       |       |     2 ||     2
  Use: Scroll            |     2 |     5 |    10 |     6 ||    23
       Potion            |       |     1 |     1 |     1 ||     3
Armor: Robe              |    26 |    30 |    53 |       ||   109
       Steam dragon scal |       |       |     4 |    13 ||    17
       Acid dragon scale |       |       |       |   180 ||   180
Dodge: Dodged            |    26 |    35 |    82 |   234 ||   377
Block: Other             |       |       |    10 |    49 ||    59

Table legend:
 A = Non-vault XP
 B = Vault XP
 C = Vault XP percentage of total XP
 D = Non-vault monster count
 E = Vault monster count
 F = Vault count percentage of total count
                 A         B        C        D         E       F
            +---------+---------+-------+---------+---------+-------
      Total |   25667 |    5297 |  17.1 |     262 |      31 |  10.6
            +---------+---------+-------+---------+---------+-------
        D:1 |      48 |       0 |   0.0 |      20 |       0 |   0.0
        D:2 |      76 |     262 |  77.5 |      15 |       2 |  11.8
        D:3 |     123 |       0 |   0.0 |      23 |       0 |   0.0
        D:4 |     456 |      43 |   8.6 |      27 |       9 |  25.0
        D:5 |     994 |     281 |  22.0 |      27 |       2 |   6.9
        D:6 |     736 |    1082 |  59.5 |      11 |       2 |  15.4
        D:7 |     875 |       0 |   0.0 |      18 |       0 |   0.0
        D:8 |    2696 |       0 |   0.0 |      24 |       0 |   0.0
        D:9 |    3027 |       0 |   0.0 |      28 |       0 |   0.0
       D:10 |    1055 |    1820 |  63.3 |      19 |      12 |  38.7
     Lair:1 |    2674 |    1182 |  30.7 |      13 |       2 |  13.3
     Lair:2 |    9309 |     474 |   4.8 |      27 |       1 |   3.6
     Lair:3 |    3598 |     153 |   4.1 |      10 |       1 |   9.1
            +---------+---------+-------+---------+---------+-------
